 Dungeon Crawl Stone Soup version 0.22-a0-157-g169b76a (webtiles) character file.

207 Azzok the Skirmisher (level 5, 0/38 HPs)
             Began as a Gargoyle Fighter on Feb 8, 2018.
             Slain by a shadow imp (3 damage)
             ... on level 3 of the Dungeon.
             The game lasted 00:05:08 (2179 turns).

Azzok the Skirmisher (Gargoyle Fighter)             Turns: 2179, Time: 00:05:09

Health: 0/38       AC: 15    Str: 21    XL:     5   Next: 85%
Magic:  5/5        EV:  6    Int:  8    God:
Gold:   63         SH:  0    Dex:  9    Spells: 4/4 levels left

rFire    . . .     SeeInvis +   a - +0 long sword
rCold    + . .     Gourm    .   (no shield)
rNeg     + . .     Faith    .   e - +0 plate armour
rPois    ∞         Spirit   .   (no helmet)
rElec    +         Reflect  .   (no cloak)
rCorr    .         Harm     .   (no gloves)
MR       .....                  (no boots)
Stlth    ..........             (no amulet)
HPRegen  0.12/turn              k - ring of protection from cold
MPRegen  0.09/turn              m - ring of see invisible

@: no status effects
A: negative energy resistance 1, electricity resistance, unbreathing,
petrification resistance, rot immunity, AC +4
a: no special abilities


You were on level 3 of the Dungeon.
You were not hungry.

You visited 1 branch of the dungeon, and saw 3 of its levels.

You collected 63 gold pieces.

Inventory:

Hand Weapons
 a - a +0 long sword (weapon)
Missiles
 j - 18 arrows
Armour
 b - a +0 scale mail
 c - a +0 shield
 e - a +0 plate armour (worn)
Jewellery
 k - a ring of protection from cold (left hand)
 m - a ring of see invisible (right hand)
Scrolls
 d - a scroll of blinking {unknown}
 i - 5 scrolls of remove curse {unknown}
 l - a scroll of enchant weapon {unknown}
 o - a scroll of identify {unknown}
 p - 2 scrolls of teleportation {unknown}
 r - 2 scrolls of immolation {unknown}
Potions
 h - a potion of resistance {unknown}
 n - a potion of degeneration {unknown}
 q - a potion of invisibility {unknown}
 s - a potion of flight {unknown}
Comestibles
 f - 6 rations
 g - 7 chunks of flesh


   Skills:
 + Level 7.0 Fighting
 - Level 1.7 Long Blades
 - Level 3.2 Armour
 - Level 3.2 Shields


You had 4 spell levels left.
You didn't know any spells.

Dungeon Overview and Level Annotations

Branches:
Dungeon (3/15)

Altars:
Dithmenos
Elyvilon
Gozag
Vehumet


Innate Abilities, Weirdness & Mutations

You are resistant to torment.
Your stone body is resilient. (AC +4)
You are immune to poison.
You resist negative energy. (rN+)
You are resistant to electric shocks. (rElec)
You can survive without breathing.
You are immune to petrification.
You are immune to rotting.


Message History

The shadow imp gestures at you. Pain shoots through your body!
* * * LOW HITPOINT WARNING * * *
You hear a shout!
You closely miss the shadow imp.
The shadow imp lashes its tail.
The shadow imp hits you but does no damage.
You hit the shadow imp.
The shadow imp is lightly wounded.
The shadow imp hits you but does no damage.
You barely miss the shadow imp.
The shadow imp is lightly wounded.
The shadow imp barely misses you. The shadow imp closely misses you.
You riposte.
You closely miss the shadow imp.
The shadow imp is lightly wounded.
Some of the chunks of flesh in your inventory have rotted away.
You closely miss the shadow imp.
The shadow imp is lightly wounded.
The shadow imp hits you.
You die...

▒·······▒
▒·······▒
▒····)··▒
▒▒▒▒▒▒▒▒······)▒▒▒
▒······'··········
▒·▒▒▒▒▒▒·······▒▒▒
▒·▒ ▒▒▒▒▒▒▒▒▒ ▒·▒
▒@▒ ▒5▒ ▒o▒ ▒·▒
▒·▒ ▒·▒ ▒·▒ ▒·▒


You could see an orc priest and a shadow imp.

Vanquished Creatures
  The ghost of braks the Skirmisher, an amateur TeAE (D:3)
  4 adders
  A dart slug (D:2)
  2 orcs (D:3)
  2 giant cockroaches
  9 goblins
  9 hobgoblins
  3 jackals (D:2)
  A quokka (D:2)
  4 bats
  A frilled lizard (D:3)
  5 kobolds (D:3)
  7 rats
49 creatures vanquished.

Notes
Turn   | Place    | Note
-------+----------+-------------------------------------------
     0 | D:1      | Azzok the Gargoyle Fighter began the quest for the Orb.
     0 | D:1      | Reached XP level 1. HP: 14/14 MP: 1/1
   222 | D:1      | Reached XP level 2. HP: 20/20 MP: 2/2
   235 | D:1      | Reached skill level 4 in Fighting
   699 | D:2      | Found an opulent altar of Gozag.
   843 | D:2      | Reached XP level 3. HP: 12/24 MP: 3/3
  1350 | D:2      | Reached skill level 5 in Fighting
  1351 | D:2      | Found a radiant altar of Vehumet.
  1377 | D:2      | Found a white marble altar of Elyvilon.
  1379 | D:2      | Found a shadowy altar of Dithmenos.
  1631 | D:3      | Noticed braks's ghost (amateur TeAE)
  1654 | D:3      | Killed braks's ghost
  1654 | D:3      | Reached skill level 6 in Fighting
  1654 | D:3      | Reached XP level 4. HP: 14/32 MP: 4/4
  1654 | D:3      | Reached XP level 5. HP: 17/37 MP: 5/5
  2144 | D:3      | Reached skill level 7 in Fighting
  2179 | D:3      | Slain by a shadow imp

Vault maps used:
D:1:      doesnt_arrival_eight_statues, serial_glass, glass_columns_b,
          glass_columns_b, glass_columns_a, glass_columns_a, glass_columns_a,
          glass_columns_c, glass_columns_a, glass_columns_a
D:2:      lemuel_doored_altar, vehumet_crystals,
          chequers_temple_overflow_statue_of_worship

Skill      XL: |  1  2  3  4  5 |
---------------+----------------+-----
Fighting       | 4 6 7 |  7.0
Long Blades    | |  1.7
Armour         | |  3.2
Shields        | |  3.2

Action                   |  1- 3 |  4- 6 || total
-------------------------+-------+-------++-------
Melee: Long sword        |   123 |    69 ||   192
  Use: Potion            |     1 |       ||     1
  Eat: Chunk             |     2 |     2 ||     4
Armor: Plate armour      |   124 |    69 ||   193
       Scale mail        |     1 |       ||     1
Dodge: Dodged            |    47 |    29 ||    76
       Rpst.: Long sword |    13 |     6 ||    19

Table legend:
 A = Spawn XP
 B = Non-spawn XP
 C = Spawn XP percentage of total XP
 D = Spawn monster count
 E = Non-spawn monster count
 F = Spawn count percentage of total count
 G = Total turns spent on level
                    A         B        C        D         E        F      G
               +---------+---------+-------+---------+---------+-------+---------
         Total |       0 |     296 |   0.0 |       0 |      49 |   0.0 |  2179
               +---------+---------+-------+---------+---------+-------+---------
           D:1 |       0 |      19 |   0.0 |       0 |      10 |   0.0 |   605
           D:2 |       0 |      55 |   0.0 |       0 |      18 |   0.0 |  1023
           D:3 |       0 |     222 |   0.0 |       0 |      21 |   0.0 |   551
               +---------+---------+-------+---------+---------+-------+---------
